 Dungeon Crawl Stone Soup version 0.30-a0-618-gd6c86c23d0 (webtiles) character file.

Game seed: 3435872669716530159

409 Dirtsage the Cudgeller (level 6, -5/49 HPs)
             Began as a Demonspawn Fighter on Jan 9, 2023.
             Was an Initiate of Gozag.
             Slain by Duvessa
             ... wielding a +1 short sword of venom
              (8 damage)
             ... on level 5 of the Dungeon.
             The game lasted 00:06:49 (3074 turns).

Dirtsage the Cudgeller (Demonspawn Fighter)         Turns: 3074, Time: 00:06:50

Health: -5/49      AC:  7    Str: 19    XL:     6   Next: 58%
Magic:  6/6        EV: 10    Int:  9    God:    Gozag
Gold:   238        SH:  4    Dex: 12    Spells: 5/5 levels left

rFire   . . .      SeeInvis .    x - +4 club (spect)
rCold   . . .      Faith    .    c - +0 buckler
rNeg    . . .      Spirit   .    y - +1 ring mail {rPois}
rPois   +          Reflect  .    (no helmet)
rElec   .          Harm     .    (no cloak)
rCorr   .          Rampage  .    (no gloves)
Will    .....                    D - +0 pair of boots
Stlth   +                        (no amulet)
HPRegen 0.28/turn                (no ring)
MPRegen 0.10/turn                (no ring)

@: no status effects
A: ignite blood 1, weakness stinger 2
a: Renounce Religion, Potion Petition, Call Merchant, Bribe Branch


You were on level 5 of the Dungeon.
You worshipped Gozag.
Gozag was aware of your devotion.
You visited 2 branches of the dungeon, and saw 6 of its levels.

You collected 313 gold pieces.
You paid 75 gold pieces to Gozag.

Inventory:

Hand Weapons
 a - a +0 flail
 x - a +4 spectral club (weapon)
Missiles
 u - a throwing net (quivered)
Armour
 b - a +0 scale mail
 c - a +0 buckler (worn)
 k - a +0 kite shield
 q - a scarf of invisibility
 y - a +1 ring mail of poison resistance (worn)
 D - a +0 pair of boots (worn)
Magical Staves
 o - a staff of earth
Jewellery
 A - a ring of ice
Wands
 B - a wand of charming (13)
 C - a wand of flame (16)
Scrolls
 e - 4 scrolls of teleportation {unknown}
 g - 2 scrolls of poison {unknown}
 h - 2 scrolls of amnesia {unknown}
 i - 3 scrolls of identify
 p - a scroll of butterflies {unknown}
 r - a scroll of noise
 s - a scroll of enchant weapon
 t - a scroll of magic mapping
 w - a scroll of blinking {unknown}
Potions
 d - a potion of might
 f - 2 potions of attraction {unknown}
 j - a potion of flight {unknown}
 l - 3 potions of haste {unknown}
 m - a potion of mutation {unknown}
 n - 2 potions of heal wounds {unknown}
 v - a potion of brilliance {unknown}
 z - a potion of lignification {unknown}


   Skills:
 + Level 4.3 Fighting
 * Level 5.8 Maces & Flails
 - Level 2.6 Armour
 - Level 2.6 Shields


You had 5 spell levels left.
You didn't know any spells.
Your spell library contained the following spells:

 Spells                   Type           Power      Damage    Failure   Level
 Blink                    Tloc           0%         N/A       80%         2
 Momentum Strike          Conj/Tloc      0%         3d8       80%         2
 Dazzling Flash           Conj/Hex       0%         N/A       95%         3
 Lesser Beckoning         Tloc           0%         N/A       95%         3
 Tukima's Dance           Hex            0%         N/A       95%         3
 Iskenderun's Mystic Bla  Conj/Tloc      0%         2d3       100%        4
 Passage of Golubria      Tloc           0%         N/A       100%        4
 Alistair's Intoxication  Tmut/Pois      0%         N/A       100%        5
 Borgnjor's Vile Clutch   Necr/Erth      0%         N/A       100%        5
 Yara's Violent Unravell  Hex/Tmut       0%         3d3       100%        5
 Eringya's Noxious Bog    Tmut/Pois      0%         N/A       100%        6
 Starburst                Conj/Fire      0%         6d3       100%        6


Dungeon Overview and Level Annotations

Branches:
Dungeon (5/15)             Temple (1/1) D:4

Altars:
Gozag
Hepliaklqana
Kikubaaqudgha
Nemelex Xobeh
Okawaru
Qazlal
Ru
Trog
Vehumet

Shops:
D:1 =

Annotations:
D:3 1 runed translucent door, Dominolapin's ghost, amateur HONe
D:5 Duvessa


Innate Abilities, Weirdness & Mutations

Your demonic aura sometimes causes spilled blood to erupt in flames.
You have a tail ending in a sharp stinger.


Message History

Your +4 spectral club hits Duvessa but does no damage.
Duvessa hits your +4 spectral club with a +1 short sword of venom!
Your spectral weapon shares its damage with you!
You take 6 damage, and have 43/49 hp.
You catch the helpless Duvessa completely off-guard!
You hit Duvessa but do no damage.
Your +4 spectral club hits Duvessa but does no damage.
You block Duvessa's attack.
Duvessa hits you with a +1 short sword of venom!
You take 15 damage, and have 28/49 hp.
MASSIVE DAMAGE!!
You closely miss Duvessa.
Your +4 spectral club hits Duvessa.
Duvessa hits your +4 spectral club with a +1 short sword of venom.
Your spectral weapon shares its damage with you!
You take 1 damage, and have 27/49 hp.
You hit Duvessa but do no damage.
Duvessa is lightly wounded.
Your +4 spectral club hits Duvessa!
Duvessa hits you with a +1 short sword of venom!
* * * LOW HITPOINT WARNING * * *
Duvessa closely misses you.
You take 16 damage, and have 11/49 hp.
MASSIVE DAMAGE!!
You barely miss Duvessa.
Duvessa is moderately wounded.
Your +4 spectral club hits Duvessa!
Duvessa misses your +4 spectral club.
Duvessa closely misses your +4 spectral club.
You catch the helpless Duvessa completely off-guard!
You hit Duvessa. You tail-slap Duvessa.
Duvessa is heavily wounded.
Your +4 spectral club hits Duvessa.
Duvessa hits you with a +1 short sword of venom.
* * * LOW HITPOINT WARNING * * *
You take 4 damage, and have 8/49 hp.
You hit Duvessa but do no damage.
Duvessa is severely wounded.
Your +4 spectral club closely misses Duvessa.
Duvessa hits you with a +1 short sword of venom.
* * * LOW HITPOINT WARNING * * *
Duvessa hits you with a +1 short sword of venom!
You die...
Your body crumbles into a pile of gold.

##...........##...
#...............#
#............# .#
##...........#...
#.................
#.~.......!.......
#..~....#.$..#....
#...~...#.#......#
#.......#@........
#......#e(#......
... ..###..##.
..## #..# ..# #...
..# #.. ..# ..# $


You could see Duvessa (berserk) and a friendly +4 spectral club (summoned).

Vanquished Creatures
  A phantom (D:5)
  A scorpion (D:5)
  Dowan (D:5)
  A gnoll bouda (D:5)
  Ijyb (D:4)
  Natasha (D:2)
  3 gnolls (D:5)
  5 adders
  A dart slug (D:4)
  3 worms (D:2)
  5 orcs
  3 bats
  3 endoplasms
  2 giant cockroaches
  4 goblins
  5 hobgoblins
  11 jackals
  A quokka (D:1)
  6 ball pythons
  5 frilled lizards
  6 kobolds
  9 rats
78 creatures vanquished.

Notes
Turn   | Place    | Note
-------+----------+-------------------------------------------
     0 | D:1      | Dirtsage the Demonspawn Fighter began the quest for the
                  | Orb.
     0 | D:1      | Reached XP level 1. HP: 18/18 MP: 1/1
   115 | D:1      | Reached skill level 2 in Maces & Flails
   252 | D:1      | Found Helus's Jewellery Shoppe.
   261 | D:1      | Gained mutation: You have a small tail. [demonic ancestry]
   261 | D:1      | Reached XP level 2. HP: 24/24 MP: 2/2
   634 | D:1      | Reached skill level 3 in Maces & Flails
   752 | D:2      | Identified the +1 robe "Onle" {Dex+4}
   802 | D:2      | Gained mutation: Your demonic aura sometimes causes spilled
                  | blood to erupt in flames. [demonic ancestry]
   802 | D:2      | Reached XP level 3. HP: 24/29 MP: 3/3
   963 | D:2      | Found a faded altar of an unknown god.
  1157 | D:2      | Reached skill level 4 in Maces & Flails
  1157 | D:2      | Reached XP level 4. HP: 24/35 MP: 4/4
  1343 | D:2      | Noticed Natasha
  1353 | D:2      | Killed Natasha
  1785 | D:3      | Found a runed translucent door.
  1786 | D:3      | Noticed Dominolapin's ghost (amateur HONe)
  2096 | D:4      | Noticed Ijyb
  2099 | D:4      | Killed Ijyb
  2100 | D:4      | Reached XP level 5. HP: 39/41 MP: 5/5
  2218 | D:4      | Found a staircase to the Ecumenical Temple.
  2446 | Temple   | Entered the Ecumenical Temple
  2503 | Temple   | Became a worshipper of Gozag Ym Sagoz the Greedy
  2858 | D:5      | Entered Level 5 of the Dungeon
  2867 | D:5      | Reached skill level 5 in Maces & Flails
  3009 | D:5      | Gained mutation: You have a tail ending in a sharp stinger.
                  | [demonic ancestry]
  3009 | D:5      | Reached XP level 6. HP: 48/48 MP: 6/6
  3063 | D:5      | Noticed Dowan
  3064 | D:5      | Killed Dowan
  3065 | D:5      | Noticed Duvessa
  3074 | D:5      | Slain by Duvessa

Illustrated notes

Levels and vault maps discovered:
D:1:      minmay_arrival_hallway, layout_loops_ring, serial_shops,
          nicolae_shop_statue_plus
D:2:      layout_basic, hellmonk_ecumenical_altar_heavens_door, uniq_natasha
D:3:      layout_rooms, ebering_ghost_reflecting_pool
D:4:      layout_loops_ring, minmay_temple_entry_junction_2, uniq_ijyb
D:5:      layout_basic, serial_rivers, chequers_serial_rivers_large_a,
          chequers_serial_rivers_micro_c, chequers_serial_rivers_large_b,
          chequers_serial_rivers_micro_c, chequers_serial_rivers_micro_c,
          nicolae_ossuary_entry_giza, sigmund_edmund_badplayer, uniq_duvessa
Temple:   nicolae_temple_bog_church

Skill      XL: |  1  2  3  4  5 |
---------------+----------------+-----
Maces & Flails | 2 3 4 5 |  5.8
Fighting       | 4 |  4.3
Armour         | |  2.6
Shields        | |  2.6

Action                   |  1- 3 |  4- 6 || total
-------------------------+-------+-------++-------
Melee: Flail             |   121 |    80 ||   201
       Tailslap          |     8 |    13 ||    21
       Club              |       |    32 ||    32
  Use: Scroll            |       |     3 ||     3
 Stab: Distracted        |       |     2 ||     2
Armor: Scale mail        |    54 |    31 ||    85
       Ring mail         |       |     5 ||     5
Dodge: Dodged            |    60 |    34 ||    94
Block: Buckler           |    28 |    14 ||    42

Table legend: (Time is in decaauts)
 A = Elapsed time spent in this place.
 B = Non-inter-level travel time spent in this place.
 C = Inter-level travel time spent in this place.
 D = Time resting spent in this place.
 E = Time spent auto-exploring this place.
 F = Levels seen in this place.
 G = Mean time per level.
                   A        B        C        D        E       F      G
               +--------+--------+--------+--------+--------+-----+--------+
         Total |   3142 |   2976 |    166 |      0 |   2400 |   6 |  523.7 |
       Dungeon |   3066 |   2914 |    152 |      0 |   2360 |   5 |  613.2 |
        Temple |     76 |     62 |     14 |      0 |     40 |   1 |   76.0 |
               +--------+--------+--------+--------+--------+-----+--------+

Top non-repeatable levels by time:
     D:2: 761 daAuts
     D:1: 727 daAuts
     D:4: 688 daAuts
     D:3: 670 daAuts
     D:5: 218 daAuts
  Temple: 76 daAuts
